 Dungeon Crawl Stone Soup version 0.21.1-1-g345015fe64 (webtiles) character file.

1110 Oravi the Transmogrifier (level 8, -1/56 HPs)
             Began as a Merfolk Transmuter on Apr 27, 2018.
             Was a Follower of Qazlal.
             Slain by a centaur (6 damage)
             ... on level 6 of the Dungeon.
             The game lasted 00:20:34 (6006 turns).

Oravi the Transmogrifier (Merfolk Transmuter)       Turns: 6006, Time: 00:20:35

Health: -1/56      AC:  2    Str: 11    XL:     8   Next: 33%
Magic:  9/11       EV: 23    Int: 14    God:    Qazlal [*.....]
Gold:   369        SH:  2    Dex: 19    Spells: 1/11 levels left

rFire    . . .     SeeInvis .     - Unarmed
rCold    . . .     Gourm    .   (shield currently unavailable)
rNeg     + . .     Faith    .   (armour currently unavailable)
rPois    x         Spirit   .   (helmet currently unavailable)
rElec    .         Reflect  .   (cloak currently unavailable)
rCorr    .         Harm     .   (gloves currently unavailable)
MR       .....                  (boots currently unavailable)
Stlth    ++........             o - amulet of magic regeneration
HPRegen  0.18/turn              g - ring of positive energy
MPRegen  0.37/turn              (no ring)

@: about to teleport, spider-form
A: tiny, (change form in water), (swift swim), (stealthy swim)
a: End Transformation, Renounce Religion


You were on level 6 of the Dungeon.
You worshipped Qazlal.
Qazlal was aware of your devotion.
You were not hungry.
You were a venomous arachnid creature.
You visited 2 branches of the dungeon, and saw 7 of its levels.

You collected 369 gold pieces.

Inventory:

Missiles
 a - 20 arrows
Armour
 b - a +0 robe (melded)
 k - a +0 helmet
Jewellery
 g - a ring of positive energy (left front leg)
 o - an amulet of magic regeneration (around neck)
Wands
 l - a wand of flame (15)
Scrolls
 j - 2 scrolls of blinking
Potions
 e - 2 potions of curing
 f - 3 potions of degeneration {unknown}
 h - 2 potions of might {unknown}
 i - 2 potions of agility
 m - 2 potions of heal wounds {unknown}
 n - a potion of brilliance {unknown}
 p - a potion of berserk rage {unknown}
 q - a potion of resistance {unknown}
 r - a potion of mutation {unknown}
 v - 2 potions of lignification {unknown}
 w - 3 potions of haste {unknown}
Books
 c - a book of Changes

   Spells                             Type                      Level
   a - Beastly Appendage              Transmutation                1
   b - Sticks to Snakes               Transmutation                2
   c - Spider Form                    Transmutation/Poison         3
   d - Ice Form                       Ice/Transmutation            4
   e - Blade Hands                    Transmutation                5
Comestibles
 d - 6 rations
 t - 3 chunks of flesh


   Skills:
 + Level 2.0 Fighting
 + Level 4.6 Dodging
 + Level 7.4 Unarmed Combat
 - Level 2.0 Spellcasting
 * Level 8.0 Transmutations
 - Level 3.0 Poison Magic


You had one spell level left.
You knew the following spells:

 Your Spells              Type           Power        Failure   Level  Hunger
a - Beastly Appendage     Tmut           ###...       4%          1    ##.....
b - Sticks to Snakes      Tmut           ###.....     6%          2    ###....
c - Spider Form           Tmut/Pois      ###.......   21%         3    ####...
d - Ice Form              Ice/Tmut       ##......     63%         4    #####..


Dungeon Overview and Level Annotations

Branches:
Dungeon (6/15)             Temple (1/1) D:5

Altars:
Ashenzari
Cheibriados
Dithmenos
Elyvilon
Fedhas
Gozag
Kikubaaqudgha
Nemelex Xobeh
Okawaru
Qazlal
Uskayaw
Vehumet
Wu Jian
Yredelemnul
Zin
The Shining One

Annotations:
D:5 5 runed doors


Message History

You see here an arrow.
A bullfrog comes into view.
You hear a croak.
Casting: Spider Form
Confirm with . or Enter, or press ? or * to list all spells.
You turn into a venomous arachnid creature.
Your +0 robe melds into your body.
The centaur shoots an arrow.
The arrow hits you!
As you read the scroll of teleportation, it crumbles to dust.
You feel strangely unstable.
The bullfrog hits you but does no damage.
You are too injured to fight recklessly!
The centaur unwields an uncursed enchanted shortbow.
The centaur completely misses you. The bullfrog hits you.
* * * LOW HITPOINT WARNING * * *
You hit the centaur but do no damage.
The centaur is poisoned.
The bullfrog hits you.
* * * LOW HITPOINT WARNING * * *
The centaur hits you.
You die...

.##..##.#.........# .#
#...................##
....F##.........#+##....
.#..................###
...................# #
#..###.............#
##.#..# #.##'#+###+##.#
#.#..#..###F##.....#.##.###
.........cs........+.......
.#..#..###.#......#.##.###
#.(# #.#......#.#### #..#
#.#..#.###.# #....##.#(.#.#
#.# #....##.#..#.# #.#
............#.# #.#
.............. #.#
#..###...c.# #.#


You could see a bullfrog and a centaur.

Vanquished Creatures
  2 phantoms (D:5)
  An ogre (D:4)
  A bullfrog (D:5)
  A water moccasin skeleton (D:5)
  A scorpion (D:5)
  A crimson imp (D:4)
  A quasit (D:4)
  3 hounds
  An orc priest (D:3)
  2 bullfrog skeletons
  Jessica (D:3)
  Natasha (twice) (D:3)
  An orc wizard (D:3)
  2 worker ants (D:4)
  A howler monkey zombie (D:5)
  10 gnolls
  9 adders
  A shadow imp (D:5)
  An ooze (D:2)
  5 worms
  3 dart slugs
  3 leopard geckos
  6 orcs
  A ball python (D:1)
  4 giant cockroaches
  8 goblins
  10 hobgoblins
  9 jackals
  2 quokkas
  6 bats
  10 frilled lizards
  5 kobolds
  A quokka zombie (D:5)
  9 rats
  2 fungi (D:1)
126 creatures vanquished.

Notes
Turn   | Place    | Note
-------+----------+-------------------------------------------
     0 | D:1      | Oravi the Merfolk Transmuter began the quest for the Orb.
     0 | D:1      | Reached XP level 1. HP: 15/15 MP: 3/3
   212 | D:1      | Reached XP level 2. HP: 21/21 MP: 3/5
   369 | D:1      | Reached skill level 3 in Transmutations
   674 | D:1      | Reached XP level 3. HP: 24/26 MP: 4/6
   678 | D:1      | Learned a level 2 spell: Sticks to Snakes
   682 | D:1      | Learned a level 3 spell: Spider Form
  1605 | D:2      | Reached XP level 4. HP: 32/32 MP: 3/7
  1630 | D:2      | Reached skill level 4 in Transmutations
  2116 | D:2      | Found a basalt altar of Yredelemnul.
  2612 | D:3      | Noticed Jessica
  2616 | D:3      | Killed Jessica
  2616 | D:3      | Reached skill level 1 in Poison Magic
  2616 | D:3      | Reached XP level 5. HP: 37/37 MP: 3/8
  2653 | D:3      | Found a radiant altar of Vehumet.
  2653 | D:3      | Found a stormy altar of Qazlal.
  2653 | D:3      | Found a glowing golden altar of the Shining One.
  2679 | D:3      | Became a worshipper of Qazlal Stormbringer
  2728 | D:3      | Noticed Natasha
  2736 | D:3      | Killed Natasha
  2742 | D:3      | Noticed Natasha
  3158 | D:3      | Reached skill level 5 in Transmutations
  3388 | D:3      | Reached skill level 5 in Unarmed Combat
  3388 | D:3      | Reached XP level 6. HP: 41/43 MP: 2/9
  3446 | D:3      | Killed Natasha
  4008 | D:4      | Found a snail-covered altar of Cheibriados.
  4511 | D:5      | Entered Level 5 of the Dungeon
  4517 | D:5      | Reached XP level 7. HP: 42/48 MP: 7/10
  4523 | D:5      | Reached skill level 6 in Transmutations
  4704 | D:5      | Noticed a soldier ant
  4711 | D:5      | Found a runed door.
  4711 | D:5      | Found a runed gate.
  4711 | D:5      | Noticed a soldier ant
  4717 | D:5      | Found a runed gate.
  4717 | D:5      | Found a runed gate.
  4719 | D:5      | Noticed a soldier ant
  4719 | D:5      | Noticed a soldier ant
  4725 | D:5      | Found a runed door.
  4735 | D:5      | Found the +9 staff of Olgreb {rPois}
  4802 | D:4      | Reached * piety under Qazlal
  4910 | D:5      | Reached skill level 7 in Transmutations
  4987 | D:5      | Reached XP level 8. HP: 25/56 MP: 3/11
  5286 | D:5      | Found a white marble altar of Elyvilon.
  5287 | D:5      | Found a shadowy altar of Dithmenos.
  5576 | D:5      | Found a staircase to the Ecumenical Temple.
  5634 | Temple   | Entered the Ecumenical Temple
  5780 | D:6      | Reached skill level 8 in Transmutations
  5816 | D:6      | Learned a level 4 spell: Ice Form
  6006 | D:6      | Slain by a centaur

Skill      XL: |  1  2  3  4  5  6  7  8 |
---------------+-------------------------+-----
Dodging        | 3 4 |  4.6
Transmutations | 3 4 5 7 8 |  8.0
Unarmed Combat | 4 5 7 |  7.4
Poison Magic   | 1 2 3 |  3.0
Fighting       | 2 |  2.0
Spellcasting   | |  2.0

Action                   |  1- 3 |  4- 6 |  7- 9 || total
-------------------------+-------+-------+-------++-------
Melee: Unarmed           |   145 |   159 |   126 ||   430
       Headbutt          |    11 |       |       ||    11
       Punch             |     3 |     1 |       ||     4
 Cast: Beastly Appendage |    21 |     2 |       ||    23
       Spider Form       |     4 |    30 |    20 ||    54
       Sticks to Snakes  |       |       |     7 ||     7
  Use: Scroll            |       |     9 |     2 ||    11
 Stab: Sleeping          |       |     1 |       ||     1
       Distracted        |       |       |     1 ||     1
  Eat: Chunk             |     3 |    12 |     7 ||    22
       Ration            |       |     1 |       ||     1
Armor: Robe              |    22 |     1 |       ||    23
       Skin              |     2 |     9 |     5 ||    16
Dodge: Dodged            |    73 |   150 |   124 ||   347
Block: Other             |       |       |     2 ||     2
